 Dungeon Crawl Stone Soup version 0.27.1-34-g3ba077fa99 (webtiles) character file.

Game seed: 13444436781669929811

170 Descartes the Grasshopper (level 5, -2/38 HPs)
             Began as a Formicid Warper on Jan 22, 2022.
             Succumbed to a kobold's poison
             ... on level 3 of the Dungeon.
             The game lasted 00:06:37 (3708 turns).

Descartes the Grasshopper (Formicid Warper)         Turns: 3708, Time: 00:06:38

Health: -2/38      AC:  7    Str: 16 (17) XL:     5   Next: 80%
Magic:  8/8        EV:  9    Int:  9 (12) God:
Gold:   64         SH:  0    Dex:  9 (10) Spells: 8/8 levels left

rFire    . . .     SeeInvis +   a - +0 mace
rCold    . . .     Faith    .   (no shield)
rNeg     . . .     Spirit   .   h - +0 scale mail
rPois    .         Reflect  .   (helmet unavailable)
rElec    .         Harm     .   (no cloak)
rCorr    .         Rampage  .   (no gloves)
Will     .....                  (no boots)
Stlth    ..........             m - amulet of the acrobat
HPRegen  0.12/turn              (no ring)
MPRegen  0.11/turn              (no ring)

@: lethally poisoned (-2 -> -22)
A: permanent stasis, dig shafts and tunnels, antennae 3, four strong arms
a: Dig, Shaft Self


You were on level 3 of the Dungeon.
You visited 1 branch of the dungeon, and saw 4 of its levels.

You collected 64 gold pieces.

Inventory:

Hand Weapons
 a - a +0 mace (weapon)
Missiles
 b - 17 poisoned darts
 c - 5 boomerangs of dispersal (quivered)
 e - 85 stones
 g - 4 datura-tipped darts
 j - 4 curare-tipped darts
Armour
 h - a +0 scale mail (worn)
Jewellery
 m - an amulet of the acrobat (around neck)
 n - an amulet of magic regeneration
Scrolls
 d - 2 scrolls of amnesia {unknown}
 k - a scroll of summoning {unknown}
 l - a scroll of teleportation {unknown}
 o - a scroll of fear {unknown}
Potions
 i - a potion of attraction


   Skills:
 - Level 2.1 Fighting
 + Level 2.4 Maces & Flails
 - Level 1.0 Throwing
 + Level 3.9 Armour
 - Level 1.7 Dodging
 - Level 2.1 Spellcasting
 + Level 4.2 Translocations


You had 8 spell levels left.
You didn't know any spells.
Your spell library contained the following spells:

 Spells                   Type           Power      Damage    Failure   Level
 Gell's Gravitas          Tloc           4%         N/A       52%         3
 Lesser Beckoning         Tloc           4%         N/A       52%         3
 Teleport Other           Tloc           8%         N/A       52%         3
 Sublimation of Blood     Necr           0%         N/A       86%         2
 Manifold Assault         Tloc           8%         N/A       99%         5
 Petrify                  Tmut/Erth      0%         N/A       100%        4
 Irradiate                Conj/Tmut      0%         3d14      100%        5
 Blink                    Tloc           Unusable   N/A       N/A         2

Dungeon Overview and Level Annotations

Branches:
Dungeon (4/15)
 Temple: D:4-7

Altars:
Qazlal
Wu Jian

Annotations:
D:3 Terence


Innate Abilities, Weirdness & Mutations

You cannot be hasted, slowed, berserked, paralysed or teleported.
You can dig through walls and to a lower floor.
You have a pair of large antennae on your head. (SInv)
Your four strong arms can wield two-handed weapons with a shield.


Message History

You are too injured to fight recklessly!
You are too injured to fight recklessly!
You are too injured to fight recklessly!
It was a potion of attraction.
You feel attractive to monsters.
* * * LOW HITPOINT WARNING * * *
You feel extremely sick.
The kobold hits you with a +2 whip of venom.
* * * LOW HITPOINT WARNING * * *
It was a potion of curing.
You feel better.
The kobold hits you with a +2 whip of venom.
* * * LOW HITPOINT WARNING * * *
It was a potion of degeneration.
There was something very wrong with that liquid.
You feel weakened.
You feel dopey.
You feel clumsy.
The kobold hits you with a +2 whip of venom.
* * * LOW HITPOINT WARNING * * *
You are lethally poisoned!
It was a potion of cancellation.
Your magical effects are unravelling.
You feel magically purged.
* * * LOW HITPOINT WARNING * * *
You feel very sick. The kobold closely misses you.
You feel less attractive to monsters.
You closely miss the kobold.
* * * LOW HITPOINT WARNING * * *
You feel sick.
The kobold hits you with a +2 whip of venom.
* * * LOW HITPOINT WARNING * * *
You are more poisoned.
You feel better. The kobold hits you but does no damage.
You are poisoned.
Are you sure you want to shaft yourself?
* * * LOW HITPOINT WARNING * * *
You feel sick.
The kobold hits you with a +2 whip of venom.
* * * LOW HITPOINT WARNING * * *
You are more poisoned.
You begin to dig a shaft.
You continue digging a shaft.
You die...

####..........#
#....########.#
#.#### #.# #.#
#.# #.# #.# #.#
#.# #.# #.# . .
#.# #.#####....
#.# #..@K@.....
#.#
........#####...
#.# ......... .
##.# .#####..##
. ...# #..# .
#### #..# # #..#
#..# ###


You could see Terence and a kobold.

Vanquished Creatures
  Jessica (D:3)
  A gnoll (D:1)
  6 adders
  4 worms
  A dart slug (D:1)
  4 ball pythons
  5 endoplasms
  6 giant cockroaches
  7 goblins
  6 hobgoblins
  A quokka (D:2)
  10 bats
  5 frilled lizards
  6 kobolds
  8 rats
71 creatures vanquished.

Notes
Turn   | Place    | Note
-------+----------+-------------------------------------------
     0 | D:1      | Descartes the Formicid Warper began the quest for the Orb.
     0 | D:1      | Reached XP level 1. HP: 16/16 MP: 3/3
    51 | D:1      | Reached XP level 2. HP: 22/22 MP: 5/5
    71 | D:1      | Reached skill level 3 in Translocations
   199 | D:1      | HP: 1/22 [gnoll (2)]
   243 | D:1      | Reached XP level 3. HP: 5/27 MP: 6/6
  1370 | D:2      | Reached XP level 4. HP: 32/33 MP: 7/7
  1758 | D:2      | Found a faded altar of an unknown god.
  2398 | D:2      | Reached XP level 5. HP: 30/38 MP: 8/8
  2890 | D:3      | Noticed Jessica
  2904 | D:3      | Killed Jessica
  2905 | D:3      | Reached skill level 4 in Translocations
  3115 | D:3      | You fall into a shaft and drop 1 floor!
  3133 | D:4      | Found the +5 robe of Night {Dark Will+ SInv}
  3436 | D:3      | Found a stormy altar of Qazlal.
  3436 | D:3      | Found an ornate altar of the Wu Jian Council.
  3696 | D:3      | Noticed Terence
  3708 | D:3      | Succumbed to a kobold's poison

Illustrated notes

Levels and vault maps discovered:
D:1:      lemuel_arrival_hallway, layout_loops_ring
D:2:      layout_loops_cross, shapermc_ecumenical_altar_totnotflames
D:3:      layout_loops_ring, gammafunk_temple_overflow_statue, serial_shops,
          nicolae_shop_statue_plus, gammafunk_ghost_grave, feat_on_display,
          uniq_terence, uniq_jessica
D:4:      layout_cave_pools, cheibrodos_ashenzari_chains, serial_column_ruins,
          column_ruins_hut, column_ruins_open_small, column_ruins_grid_3,
          column_ruins_columns_water, column_ruins_grid_1,
          column_ruins_open_tiny

Skill      XL: |  1  2  3  4  5 |
---------------+----------------+-----
Translocations | 3 4 |  4.2
Armour         | 2 3 |  3.9
Fighting       | |  2.1
Maces & Flails | |  2.4
Throwing       | |  1.0
Dodging        | |  1.7
Spellcasting   | |  2.1

Action                   |  1- 3 |  4- 6 || total
-------------------------+-------+-------++-------
Melee: Mace              |    85 |   181 ||   266
 Abil: Shaft Self        |       |     1 ||     1
  Use: Potion            |       |     5 ||     5
Armor: Leather armour    |    21 |       ||    21
       Scale mail        |    13 |    92 ||   105
Dodge: Dodged            |    54 |   119 ||   173
